 Dungeon Crawl Stone Soup version 0.23.2-30-g0e89c35649 (webtiles) character file.

Game seed: 3287579824731021472

72 Pizzadoos the Magician (level 4, -1/36 HPs)
             Began as a Deep Elf Wizard on June 22, 2019.
             Was an Initiate of Gozag.
             Slain by a gnoll
             ... wielding a +0 whip
              (5 damage)
             ... on level 2 of the Dungeon.
             The game lasted 00:11:52 (1555 turns).

Pizzadoos the Magician (Deep Elf Wizard)            Turns: 1555, Time: 00:11:53

Health: -1/36      AC: 22    Str:  4    XL:     4   Next: 6%
Magic:  0/13       EV:  2    Int: 24    God:    Gozag
Gold:   82         SH:  0    Dex: 13    Spells: 12/13 levels left

rFire    . . .     SeeInvis .   e - +0 dagger
rCold    . . .     Gourm    .   (no shield)
rNeg     + + +     Faith    +   (armour currently unavailable)
rPois    +         Spirit   .   (helmet currently unavailable)
rElec    .         Reflect  .   (cloak currently unavailable)
rCorr    .         Harm     .   (gloves currently unavailable)
MR       .....     NoTele   +   (boots currently unavailable)
Stlth    ++........             f - amulet of faith
HPRegen  0.12/turn              (no ring)
MPRegen  0.13/turn              (no ring)

@: tree-form, gold aura
A: no striking features
a: Potion Petition, Call Merchant, Bribe Branch, Renounce Religion


You were on level 2 of the Dungeon.
You worshipped Gozag.
Gozag was noncommittal.
You were not hungry.
You were a tree.
You visited 1 branch of the dungeon, and saw 2 of its levels.

You collected 112 gold pieces.
You paid 30 gold pieces to Gozag.

Inventory:

Hand Weapons
 c - a +0 club
 e - a +0 dagger (weapon)
Armour
 a - a +0 robe (melded)
 b - a +0 hat (melded)
 g - a +2 ring mail of fire resistance
 h - a +1 pair of gloves (melded)
 k - a +0 pair of gloves
Jewellery
 f - an amulet of faith (around neck)
Scrolls
 i - a scroll of remove curse
Potions
 j - a potion of heal wounds {unknown}
 l - a potion of degeneration {unknown}
Comestibles
 d - 4 rations


   Skills:
 + Level 0.9 Fighting
 + Level 1.0 Short Blades
 + Level 3.0 Dodging
 + Level 3.1 Stealth
 + Level 5.1 Spellcasting
 + Level 2.0 Conjurations
   Level 1.1 Summonings
   Level 1.1 Translocations


You had 12 spell levels left.
You knew the following spells:

 Your Spells              Type           Power        Failure   Level  Hunger
a - Magic Dart            Conj           ###.         3%          1    None

Your spell library contained the following spells:

 Spells                   Type           Power        Failure   Level  Hunger
 Blink                    Tloc           N/A          9%          2    None
 Call Imp                 Summ           ##......     9%          2    None
 Slow                     Hex            #.......     13%         2    None
 Conjure Flame            Conj/Fire      ##......     17%         3    ##.....
 Mephitic Cloud           Conj/Pois/Air  #.......     21%         3    ##.....


Dungeon Overview and Level Annotations

Branches:
Dungeon (2/15)

Altars:
Gozag

Shops:
D:2 *


Message History

You hit the gnoll but do no damage.
The gnoll is severely wounded.
The gnoll hits you but does no damage.
You hit the gnoll but do no damage.
The gnoll is severely wounded.
The gnoll hits you but does no damage.
You hit the gnoll.
The gnoll is almost dead.
The gnoll hits you with a +0 whip.
* * * LOW HITPOINT WARNING * * *
Casting: Magic Dart (safe; 3% risk of failure)
Confirm with . or Enter, or press ? or * to list all spells.
Aiming: Magic Dart (safe; 3% risk of failure)
Press: ? - help, Shift-Dir - straight line, f - gnoll
Aim: a gnoll, wielding a +0 whip (almost dead)
The magic dart hits the gnoll but does no damage.
The gnoll is almost dead.
The gnoll hits you with a +0 whip.
You die...
Your body crumbles into a pile of gold.

.( .. ####. ## #. .... ....#.#
####.(# ..#.. #..#..# .........
#..#..# ....#.##.####..#..# #
.....#.#..♣g.......# .#
#.#..#.######......###.##
#.#..#.######.#.#.......#
#.#..#..........#.......# ##
.#.#....#.######.###.......#
....#.#......######.###.......#
...#.#..#.#.##.......#..###.##
....#......#.##.......#.$# .#
#.# #....#.#..........#..# #


You could see a gnoll.

Vanquished Creatures
  2 gnolls (D:2)
  An adder (D:2)
  2 leopard geckos
  4 ball pythons (D:1)
  3 bats
  3 giant cockroaches
  8 goblins
  2 hobgoblins
  2 jackals (D:1)
  A frilled lizard (D:1)
  6 kobolds
  4 rats (D:1)
38 creatures vanquished.

Notes
Turn   | Place    | Note
-------+----------+-------------------------------------------
     0 | D:1      | Pizzadoos the Deep Elf Wizard began the quest for the Orb.
     0 | D:1      | Reached XP level 1. HP: 10/10 MP: 7/7
    76 | D:1      | Reached XP level 2. HP: 15/15 MP: 3/9
   820 | D:1      | Reached XP level 3. HP: 20/20 MP: 8/11
  1110 | D:2      | Reached skill level 5 in Spellcasting
  1246 | D:2      | Found Gozag's Platinum Reserve.
  1251 | D:2      | Found an opulent altar of Gozag.
  1297 | D:2      | Became a worshipper of Gozag Ym Sagoz the Greedy
  1508 | D:2      | Reached skill level 1 in Short Blades
  1548 | D:2      | Reached XP level 4. HP: 7/24 MP: 0/13
  1555 | D:2      | Slain by a gnoll

Skill      XL: |  1  2  3 |
---------------+----------+-----
Spellcasting   | 5 |  5.1
Short Blades   | 1 |  1.0
Dodging        | 3 |  3.0
Stealth        | 3 |  3.1
Conjurations   | 2 |  2.0
Fighting       | |  0.9
Summonings     | |  1.1
Translocations | |  1.1

Action                   |  1- 3 |  4- 6 || total
-------------------------+-------+-------++-------
Melee: Dagger            |    18 |     6 ||    24
 Cast: Magic Dart        |    96 |     2 ||    98
  Use: Scroll            |     1 |       ||     1
       Potion            |     1 |       ||     1
  Eat: Ration            |     1 |       ||     1
Armor: Robe              |     6 |       ||     6
       Skin              |     8 |     4 ||    12
Dodge: Dodged            |    26 |       ||    26
